 Dungeon Crawl Stone Soup version 0.31-a0-876-gfe8ebadbca (webtiles) character file.

Game seed: 1935416891071917845

29 Arex the Trooper (level 3, 29/29 HPs)
             Began as a Demonspawn Fighter on Oct 14, 2023.
             Got out of the dungeon alive.
             The game lasted 00:01:28 (765 turns).

Arex the Trooper (Demonspawn Fighter)                Turns: 765, Time: 00:01:29

Health: 29/29      AC:  6    Str: 18    XL:     3   Next: 1%
Magic:  3/3        EV:  9    Int:  9    God:
Gold:   73         SH:  4    Dex: 12    Spells: 2/2 levels left

rFire   . . .        a - +0 flail
rCold   . . .        c - +0 buckler
rNeg    . . .        b - +0 scale mail
rPois   .            (no helmet)
rElec   .            (no cloak)
rCorr   .            (no gloves)
SInv    .            (no boots)
Will    .....        (no amulet) Stlth
                     (no ring)
HPRegen 0.24/turn    (no ring)
MPRegen 0.16/turn

%: no passive effects
@: no status effects
A: magic regeneration, demonic magic 1
a: no special abilities


You escaped.
You visited 1 branch of the dungeon, and saw 2 of its levels.

You collected 86 gold pieces.
You spent 13 gold pieces at shops.

Inventory:

Hand Weapons
 a - a +0 flail (weapon)
Armour
 b - a +0 scale mail (worn)
 c - a +0 buckler (worn)
Scrolls
 e - a scroll of noise
 g - 2 scrolls of identify {unknown}
 h - a scroll of blinking {unknown}
Potions
 d - a potion of might
 f - 2 potions of mutation {unknown}
 i - a potion of magic {unknown}


   Skills:
 + Level 3.3 Fighting
 + Level 2.2 Maces & Flails
 + Level 3.0 Armour
 + Level 3.0 Shields


You had 2 spell levels left.
You didn't know any spells.
Your spell library was empty.

Dungeon Overview and Level Annotations

Branches:
Dungeon (2/15)

Altars:

Shops:
D:1 [??


Innate Abilities, Weirdness & Mutations

You regenerate magic rapidly.
Spells you cast may paralyse adjacent enemies.


Message History

You hit the rat.
You kill the rat!
You have reached level 3!
Your experience leads to an increase in your attributes!
Increase (S)trength, (I)ntelligence, or (D)exterity?
You feel stronger. x2; Your demonic ancestry asserts itself...
Your magic begins to regenerate rapidly.
You see here a rat corpse.
A frilled lizard comes into view.
The frilled lizard hisses angrily.
A frilled lizard is nearby!
A frilled lizard is nearby!
A frilled lizard is nearby!
Found 3 gold pieces and a sling.
The frilled lizard bites you.
You closely miss the frilled lizard. The frilled lizard closely misses you.
The frilled lizard bites you but does no damage.
You thump the frilled lizard!
You kill the frilled lizard!
No target in view!
No target in view!
No target in view!
No target in view!
No target in view!
No target in view!
No target in view!
No target in view!
No target in view!
No target in view!
No target in view!
No target in view!
No target in view!
No target in view!
No target in view!
No target in view!
There is a stone staircase leading up here.
You climb upwards.
There is a stone staircase leading down here.
There is a staircase leading out of the dungeon here.
You have escaped!

##..#.# ##.##### ##...####
...##.# ##......## ###......
#####.# #..####..#####.......#
#####.######.## ##.##....#..#...
#............# #.##.#.#.÷#..##
#............## ##........#..###
#.......≈≈≈≈..####..≈≈≈≈...÷.##..
.†.....≈≈≈≈≈≈......≈≈≈≈≈≈..####..
#......≈≈≈≈§§..>@..≈≈≈≈≈≈.#####..
#......§≈≈§≈≈......≈≈≈≈≈≈.##.....
#.......≈≈≈≈§..##...≈≈≈≈..##.....
#.............##.........###...##
..........#####......##### #...##
.######.........###### #.....
.####....####∩.## ##########.....
......##.###..#####............#.
.#######...#.####...##.......###.


There were no monsters in sight!

Vanquished Creatures
  A worm (D:2)
  A dart slug (D:1)
  2 ball pythons
  A bat (D:1)
  2 endoplasms
  4 giant cockroaches
  2 goblins (D:1)
  A hobgoblin (D:1)
  A quokka (D:2)
  2 frilled lizards
  A kobold (D:2)
  5 rats
23 creatures vanquished.

Notes
Turn   | Place    | Note
-------+----------+-------------------------------------------
     0 | D:1      | Arex the Demonspawn Fighter began the quest for the Orb.
     0 | D:1      | Reached XP level 1. HP: 18/18 MP: 1/1
     0 | D:1      | Found Kaigoytz's Magic Scroll Boutique.
     8 | D:1      | Bought a scroll of noise for 13 gold pieces
    77 | D:1      | Found a faded altar of an unknown god.
   164 | D:1      | Gained mutation: Spells you cast may paralyse adjacent
                  | enemies. [demonic ancestry]
   164 | D:1      | Reached XP level 2. HP: 21/24 MP: 2/2
   445 | D:1      | Found Aggaiquh's Antique Armour Shop.
   523 | D:1      | Found Mozxose's Magic Scroll Shop.
   727 | D:2      | Gained mutation: You regenerate magic rapidly. [demonic
                  | ancestry]
   727 | D:2      | Reached XP level 3. HP: 29/29 MP: 3/3
   765 | D:$      | Got out of the dungeon alive.

Illustrated notes

Levels and vault maps discovered:
D:1:      dpeg_arrival_pits, layout_rooms, basic_ecumenical_altar, serial_shops,
          shop, nicolae_shop_window_shopping, nicolae_shop_crystal,
          hangedman_decor_slide_cut
D:2:      layout_basic, basic_altar, st_stairs_2, minmay_joined_circles

Skill      XL: |  1  2 |
---------------+-------+-----
Maces & Flails | 2 |  2.2
Shields        | 3 |  3.0
Armour         | 3 |  3.0
Fighting       | |  3.3

Action                     || total
---------------------------++-------
  Melee: Flail             ||    73
 Armour: Scale mail        ||    48
  Dodge: Dodged            ||    40
  Block: Buckler           ||    26

Table legend: (Time is in decaauts)
 A = Elapsed time spent in this place.
 B = Non-inter-level travel time spent in this place.
 C = Inter-level travel time spent in this place.
 D = Time resting spent in this place.
 E = Time spent auto-exploring this place.
 F = Levels seen in this place.
 G = Mean time per level.
                   A        B        C        D        E       F      G
               +--------+--------+--------+--------+--------+-----+--------+
         Total |    790 |    754 |     36 |      0 |    572 |   2 |  395.0 |
       Dungeon |    790 |    754 |     36 |      0 |    572 |   2 |  395.0 |
               +--------+--------+--------+--------+--------+-----+--------+

Top non-repeatable levels by time:
     D:1: 566 daAuts
     D:2: 223 daAuts
